cohdb
Replays
Latest Replays
All Replays
Popular Replays
Top Player Replays
Match Explorer
How It Works
Community
CoH3 Stats
Reddit
Sign in to upload your games and track your stats! →
Sign in with Steam
matcmaking after some time away
Match 39209283
Overview
Messages
Build Orders
End
Vickers Machine Gun Team
Construct Section Command Post
Infantry Section
Dingo Light Scout Car
Infantry Section
ML 3-inch Mortar Team
Grenade Package
Construct Platoon Command Post
Humber Armored Car
Construct Field Infirmary
6-pounder Anti-tank Gun Team
Construct Company Command Post
Infantry Training
Selects Heavy Armor Battlegroup
Selects Rigorous Vehicle Training
Selects Crusader AA Medium Tank
Matilda II Heavy Tank
Infantry Section
Vickers Machine Gun Team
Unlock M3 Grant Medium Tanks
M3 Grant Medium Tank
Selects Churchill Black Prince Heavy Tank
Churchill Black Prince Heavy Tank
Selects Light Vehicle Withdraw and Refit
Crusader II Medium Tank
Foot Guards Section
Selects Forward Repair Assembly
Selects Recon Artillery
Recon Artillery
M3 Grant Medium Tank
Recon Artillery
Recon Artillery
DragonLTU
Unmistaken
花间酌酒
FORTIS_FRTUNA
White Conscript
Rudie8777
亿日混混
Fat Matt
0
0
Comments
sign in to comment!
No comments posted yet!